 Dungeon Crawl Stone Soup version 0.16.1-4-g8e1b745 (console) character file.

13 gw the Ducker (level 2, 0/12 HPs)
             Began as a Felid Earth Elementalist on Mar 27, 2015.
             Slain by a hobgoblin
             ... wielding a +0 club
              (7 damage)
             ... on level 1 of the Dungeon.
             The game lasted 00:00:42 (543 turns).

gw the Ducker (Felid Earth Elementalist)             Turns: 543, Time: 00:00:42

Health: 0/12       AC:  3    Str:  4    XL:     2   Next: 24%
Magic:  3/6        EV: 18    Int: 16    God:
Gold:   9          SH:  0    Dex: 16    Spells: 2 memorised, 2 levels left
                                        Lives:  0   Deaths: 0

rFire  . . .     SeeInvis +     (weapon unavailable)
rCold  . . .     Clarity  .     (armour unavailable)
rNeg   . . .     SustAb   .     (shield unavailable)
rPois  .         Gourm    .     (helmet unavailable)
rElec  .         Spirit   .     (cloak unavailable)
rCorr  .         Warding  .     (gloves unavailable)
rMut   .         Stasis   .     (boots unavailable)
MR     .....                    (no amulet)
Stlth  +++.......               (no ring)
                                (no ring)

@: stone skin, constricted, quick, not resistant to hostile enchantments, fairly
stealthy
A: paw claws, no armour, no weapons or thrown items, fangs 3, see invisible,
carnivore 3, speed 1, shaggy fur 1, slow metabolism 1, sharp paws
a: no special abilities


You were on level 1 of the Dungeon.
You were full.

You visited 1 branch of the dungeon, and saw 1 of its levels.

You collected 9 gold pieces.

Inventory:

Missiles
 b - 50 stones
Scrolls
 f - a scroll of identify {unknown}
Potions
 c - a potion of agility {unknown}
 e - a potion of curing {unknown}
Books
 d - a book of Geomancy

   Spells                             Type                      Level
   a - Sandblast                      Earth                        1
   b - Stoneskin                      Transmutation/Earth          2
   c - Passwall                       Transmutation/Earth          3
   d - Stone Arrow                    Conjuration/Earth            3
   e - Petrify                        Transmutation/Earth          4
   f - Lee's Rapid Deconstruction     Earth                        5
Comestibles
 a - a meat ration


   Skills:
 + Level 0.4 Fighting
 + Level 2.9 Dodging
 - Level 2.6 Stealth
 + Level 0.4 Unarmed Combat
 * Level 2.3 Spellcasting
 - Level 1.1 Transmutations
 + Level 2.8 Earth Magic


You had 2 spell levels left.
You knew the following spells:

 Your Spells              Type           Power        Failure   Level  Hunger
a - Sandblast             Erth           ##....       10%         1    #......
b - Stoneskin             Trmt/Erth      #.......     14%         2    ###....


Dungeon Overview and Level Annotations

Branches:
Dungeon (1/15)

Altars:


Innate Abilities, Weirdness & Mutations

You cannot wear armour.
You are incapable of wielding weapons or throwing items.
You have razor-sharp teeth.
You have supernaturally acute eyesight.
You are carnivorous and can eat meat at any time.
You cover ground quickly.
You are covered in fur (AC +1).
You have a slow metabolism.
Your paws have sharp claws that are effective at stabbing.


Message History

Unknown command.
Casting: Stoneskin
Confirm with . or Enter, or press ? or * to list all spells.
Your skin hardens.
The ball python barely misses you. The ball python misses you.
The hobgoblin closely misses you. The ball python barely misses you.
The ball python grabs you. The ball python constricts you.
Eat which item? (? for menu, Esc to quit)
You don't have any such object.
Eat which item? (? for menu, Esc to quit)
You can't eat that!
Unknown command.
Unknown command.
Unknown command.
MOVING TO (0,8)
Your attempt to break free from the ball python fails, but you feel that another attempt might succeed.
The ball python closely misses you. The ball python constricts you.
The hobgoblin hits you with a club!
Ouch! That really hurt!
You die...

##...........#..#.
#.....#......#....
#.....#......#....
#.................
#.....#.....>.....
#...............#.
#............##.#.
#gS.#...........#.
#h..#...........#.
#...#....#......#.
#........#......#.
#........#......#.
#.................
#.................
#.....#...... .
#............
#...?.......


You could see a hobgoblin and a ball python.

Table legend:
 A = Turns spent in this place as a percentage of turns spent in the entire game.
 B = Non-inter-level travel turns spent in this place as a percentage of non-inter-level travel turns spent in the entire game.
 C = Inter-level travel turns spent in this place as a percentage of turns spent in this place.
 D = Turns resting spent in this place as a percentage of non-inter-level travel turns spent in this place.
 E = Turns spent auto-exploring this place as a percentage of non-inter-level travel turns spent in this place.
 F = Non-inter-level travel turns spent in this place divided by the number of levels of this place that you've seen.
                   A       B       C       D       E      F
               +-------+-------+-------+-------+-------+----------------------
         Total | 100.0 | 100.0 |   0.6 |   2.4 |   2.3 | 923.0
       Dungeon | 100.0 | 100.0 |   0.6 |   2.4 |   2.3 | 923.0
               +-------+-------+-------+-------+-------+----------------------

Table legend:
 A = Kills in this place as a percentage of kills in entire the game.
 B = Kills by you in this place as a percentage of kills by you in the entire game.
 C = Kills by friends in this place as a percentage of kills by friends in the entire game.
 D = Other kills in this place as a percentage of other kills in the entire game.
 E = Experience gained in this place as a percentage of experience gained in the entire game.
 F = Experience gained in this place divided by the number of levels of this place that you have seen.
                   A       B       C       D       E      F
               +-------+-------+-------+-------+-------+----------------------
         Total | 100.0 | 100.0 |  -nan |  -nan | 100.0 |  19.0
       Dungeon | 100.0 | 100.0 |  -nan |  -nan | 100.0 |  19.0
               +-------+-------+-------+-------+-------+----------------------

Vanquished Creatures
  An adder zombie (D:1)
  A giant gecko (D:1)
  A bat (D:1)
  A bat zombie (D:1)
  A hobgoblin (D:1)
  A giant newt (D:1)
  2 goblins (D:1)
  A rat (D:1)
9 creatures vanquished.

Notes
Turn   | Place    | Note
--------------------------------------------------------------
     0 | D:1      | gw, the Felid Earth Elementalist, began the quest for the Orb.
     0 | D:1      | Reached XP level 1. HP: 7/7 MP: 4/4
   169 | D:1      | Reached XP level 2. HP: 9/11 MP: 0/6
   238 | D:1      | Learned a level 2 spell: Stoneskin
   543 | D:1      | Slain by a hobgoblin

Action                   || total
-------------------------++-------
Melee: Unarmed           ||     5
 Cast: Sandblast         ||    18
       Stoneskin         ||     2
  Eat: Chunk             ||     4

Vault maps used:
D:1:      saegor_arrival_fortress
